 Dungeon Sprint DCSS version 0.30.1-11-g7821555f0a (webtiles) character file.

Game seed: 14890550914079413409

9500000 Groucho the Axe Maniac (level 27, -39/273 HPs)
             Began as a Ghoul Gladiator on Jan 16, 2024.
             Was the Champion of Makhleb.
             Killed by dispel undead
             ... invoked by a wretched soul
              (149 damage)
             ... in the Dungeon (Sprint VIII: "Arena of Blood").
             The game lasted 00:03:42 (95 turns).

Groucho the Axe Maniac (Ghoul Gladiator)              Turns: 95, Time: 00:03:43

Health: -39/273    AC:  8    Str: 22    XL:     27
Magic:  25/47      EV: 32    Int:  3    God:    Makhleb [******]
Gold:   0          SH:  0    Dex: 20    Spells: 69/69 levels left

rFire   . . .        k - +∞ Axe of Woe
rCold   + . .        (shield currently unavailable)
rNeg    + + +        b - +0 leather armour
rPois   ∞            c - +0 helmet
rElec   .            (no cloak)
rCorr   .            (no gloves)
SInv    .            (no boots)
Will    ++...        (no amulet)
Stlth   ++++++++++   (no ring)
HPRegen 0.00/turn    (no ring)
MPRegen 0.30/turn

%: no teleportation
@: inhibited regen, hasted, very quick
A: claws 1, cold resistance 1, negative energy resistance 3, inhibited
regeneration, torment resistance 2, devour on kill
a: Renounce Religion, Minor Destruction, Lesser Servant of Makhleb, Major
Destruction, Greater Servant of Makhleb


You were in the Dungeon.
You worshipped Makhleb.
Makhleb was exalted by your worship.
You visited 1 branch

Inventory:

Hand Weapons
 a - a +0 war axe
 k - the +∞ Axe of Woe (weapon)
   (You found it in the Dungeon)
Missiles
 d - 3 throwing nets (quivered)
 e - a javelin
Armour
 b - a +0 leather armour (worn)
 c - a +0 helmet (worn)
Jewellery
 l - a +30 ring of slaying
Scrolls
 j - a scroll of blinking
Potions
 f - a potion of curing
 i - 2 potions of magic


   Skills:
 O Level 27 Fighting
 + Level 23.3(26.9) Short Blades
 + Level 23.1(26.8) Long Blades
 O Level 27 Axes
 + Level 23.1(27) Maces & Flails
 + Level 23.2(27) Polearms
 + Level 23.2(27) Staves
 + Level 23.3 Ranged Weapons
 + Level 23.1 Throwing
 O Level 27 Armour
 O Level 27 Dodging
 O Level 27 Stealth
 + Level 23.2 Shields
 O Level 27 Unarmed Combat
 + Level 21.5 Spellcasting
 + Level 21.4 Conjurations
 + Level 21.5 Hexes
 + Level 23.1 Summonings
 + Level 25.1 Necromancy
 + Level 23.2 Translocations
 + Level 23.3 Transmutations
 + Level 21.3 Fire Magic
 + Level 26.9 Ice Magic
 + Level 21.5 Air Magic
 + Level 26.9 Earth Magic
 + Level 24.9 Poison Magic
 O Level 27 Invocations
 + Level 23.3 Evocations


You had 69 spell levels left.
You didn't know any spells.
Your spell library was empty.

Dungeon Overview and Level Annotations

Branches:
Dungeon (1/1)

Altars:
Makhleb


Innate Abilities, Weirdness & Mutations

You are immune to poison.
You have sharp fingernails.
Your flesh is cold resistant. (rC+)
You are immune to negative energy. (rN+++)
You do not regenerate when monsters are visible.
You are immune to unholy pain and torment.
You thrive by killing the living.


Message History

The accursed points at you and mumbles some strange words.
Something smites you!
You hear a shout!
A meat berserker comes into view. It is wielding a +9 battleaxe.
You hear a shout!
A dread comes into view.
A meat beast comes into view.
Your Summonings skill increases to level 23!
Your Necromancy skill increases to level 25!
Unknown command.
Unknown command.
Found a runed onyx ring.
You hear a shout! x2
The tyrant mumbles some strange words.
Deactivating autopickup; reactivate with Ctrl-A.
You convulse!
Ouch! That really hurt!
You hear a shout! x3
The accursed gestures at you while chanting.
Something smites you!
Unknown command.
You feel much better.
The accursed appears out of thin air!
An accursed comes into view.
You hear a shout!
The accursed is engulfed in blazing flames.
The large abomination is engulfed in blazing flames.
You hear a shout! x2
The tyrant gestures wildly while chanting.
The large abomination is engulfed in blazing flames.
You hear a shout!
Unknown command.
Unknown command.
A large bag of meat comes into view. It is wielding a +9 giant spiked club.
You hear a shout!
The tyrant casts a spell.
You hear a shout! x3
The bag of meat is engulfed in blazing flames.
You hear a shout!
You convulse!
Ouch! That really hurt!
You die...

..###.....XX###...
. ..#..X.XX)#.....
..#.2XOX)M#.....
.......LXXXX....
.....XLX.LWo..#.
......XXXX§X.#..
.......XXM§##...
.#.M.z..§o#....O
.O...D.@..#...##
##.#...X........
..W.............
....#.L...####..
......X....
............
.....X=......
#############


You could see 3 accurseds, 6 tentacled monstrosities, a meat beast (fast), 4
tyrants, an eight-headed meat hydra, a sculptor of flesh, 2 large bags of meat,
15 large abominations, 2 dreads and 2 bags of meat.

Vanquished Creatures
  5 hell beasts (D)
  A royal mummy (D)
  2 wraiths (D)
  7 vampire knights (D)
  21 ogres (D)
  6 two-headed ogres (D)
  4 liches (D)
  A hydra (D)
  32 orcs (D)
  7 skeletal warriors (D)
86 creatures vanquished.

Notes
Turn   | Place    | Note
-------+----------+-------------------------------------------
     0 | D        | Found the +∞ Axe of Woe
     0 | D        | Groucho the Ghoul Gladiator began the quest for the Orb.
     0 | D        | Reached XP level 1. HP: 17/17 MP: 0/0
     2 | D        | Noticed a bag of meat
     2 | D        | Noticed a bag of meat
     4 | D        | Became a worshipper of Makhleb the Destroyer
     6 | D        | Noticed a bag of meat
     7 | D        | Killed a bag of meat
     7 | D        | Noticed a bag of meat
     8 | D        | Reached XP level 2. HP: 24/24 MP: 1/1
     8 | D        | Reached XP level 3. HP: 29/29 MP: 2/2
     8 | D        | Reached XP level 4. HP: 36/36 MP: 3/3
     8 | D        | Reached XP level 5. HP: 41/41 MP: 4/4
     8 | D        | Reached XP level 6. HP: 48/48 MP: 5/5
     8 | D        | Reached XP level 7. HP: 55/55 MP: 6/6
     8 | D        | Reached XP level 8. HP: 61/61 MP: 7/7
     8 | D        | Reached XP level 9. HP: 67/67 MP: 8/8
     8 | D        | Reached XP level 10. HP: 73/73 MP: 9/9
     8 | D        | Reached XP level 11. HP: 79/79 MP: 10/10
     8 | D        | Noticed a meat berserker
    10 | D        | Noticed a meat berserker
    12 | D        | Killed a bag of meat
    12 | D        | Reached * piety under Makhleb
    12 | D        | Noticed a bag of meat
    13 | D        | Reached XP level 12. HP: 85/85 MP: 11/11
    13 | D        | Killed a meat berserker
    13 | D        | Noticed a bag of meat
    14 | D        | Reached XP level 13. HP: 91/91 MP: 12/12
    14 | D        | Killed a bag of meat
    14 | D        | Noticed a meat berserker
    14 | D        | Noticed a bag of meat
    15 | D        | Killed a meat berserker
    15 | D        | Reached ** piety under Makhleb
    16 | D        | Reached XP level 14. HP: 99/99 MP: 13/13
    16 | D        | Noticed a bag of meat
    17 | D        | Noticed a bag of meat
    18 | D        | Killed a bag of meat
    18 | D        | Noticed a meat berserker
    19 | D        | Noticed a large bag of meat
    20 | D        | Killed a large bag of meat
    21 | D        | Reached skill level 27 in Axes
    21 | D        | Reached skill level 27 in Dodging
    21 | D        | Reached XP level 15. HP: 85/111 MP: 13/17
    21 | D        | Killed a meat berserker
    21 | D        | Reached *** piety under Makhleb
    21 | D        | Noticed a large bag of meat
    21 | D        | Noticed a meat berserker
    22 | D        | Reached XP level 16. HP: 146/146 MP: 13/25
    22 | D        | Reached **** piety under Makhleb
    23 | D        | Reached skill level 15 in Fighting
    23 | D        | Reached skill level 15 in Invocations
    23 | D        | Killed a meat berserker
    24 | D        | Reached skill level 15 in Armour
    24 | D        | Killed a meat berserker
    25 | D        | Reached XP level 17. HP: 170/170 MP: 13/29
    25 | D        | Noticed a destroyer
    26 | D        | Killed a large bag of meat
    26 | D        | Reached ***** piety under Makhleb
    26 | D        | Noticed a meat berserker
    26 | D        | Noticed a destroyer
    27 | D        | Noticed a meat berserker
    27 | D        | Noticed a meat berserker
    29 | D        | Noticed a large bag of meat
    29 | D        | Noticed a large bag of meat
    30 | D        | Reached XP level 18. HP: 185/194 MP: 14/33
    31 | D        | Killed a destroyer
    31 | D        | Killed a meat berserker
    32 | D        | Reached skill level 27 in Fighting
    32 | D        | Reached skill level 27 in Armour
    32 | D        | Reached skill level 27 in Invocations
    32 | D        | Killed a meat berserker
    32 | D        | Reached ****** piety under Makhleb
    32 | D        | Killed a meat berserker
    32 | D        | Noticed a large bag of meat
    33 | D        | Reached XP level 19. HP: 207/207 MP: 14/35
    33 | D        | Killed a large bag of meat
    35 | D        | Noticed a destroyer
    35 | D        | Noticed a sculptor of flesh
    36 | D        | Killed a destroyer
    37 | D        | Noticed a meat berserker
    37 | D        | Noticed a sculptor of flesh
    37 | D        | Killed a large bag of meat
    38 | D        | Reached skill level 27 in Stealth
    38 | D        | Reached XP level 20. HP: 162/216 MP: 15/36
    39 | D        | Killed a large bag of meat
    40 | D        | Reached skill level 27 in Unarmed Combat
    40 | D        | Killed a destroyer
    41 | D        | Reached skill level 5 in Throwing
    41 | D        | Reached skill level 5 in Necromancy
    41 | D        | Reached skill level 5 in Ice Magic
    41 | D        | Reached skill level 5 in Earth Magic
    41 | D        | Reached skill level 5 in Poison Magic
    42 | D        | Noticed a destroyer
    44 | D        | Killed a destroyer
    45 | D        | Reached skill level 5 in Maces & Flails
    45 | D        | Reached skill level 5 in Polearms
    45 | D        | Reached skill level 5 in Staves
    45 | D        | Reached skill level 5 in Spellcasting
    45 | D        | Reached skill level 5 in Conjurations
    45 | D        | Reached skill level 5 in Hexes
    45 | D        | Reached skill level 5 in Summonings
    45 | D        | Reached skill level 5 in Translocations
    45 | D        | Reached skill level 5 in Transmutations
    45 | D        | Reached skill level 5 in Fire Magic
    45 | D        | Reached skill level 5 in Air Magic
    45 | D        | Reached skill level 5 in Evocations
    45 | D        | Noticed a meat berserker
    48 | D        | Killed a meat berserker
    49 | D        | Reached XP level 21. HP: 206/224 MP: 18/37
    49 | D        | Killed a meat berserker
    50 | D        | Reached skill level 10 in Ice Magic
    52 | D        | Reached skill level 10 in Necromancy
    52 | D        | Reached skill level 10 in Earth Magic
    52 | D        | Reached skill level 10 in Poison Magic
    53 | D        | Reached skill level 10 in Throwing
    53 | D        | Reached XP level 22. HP: 233/233 MP: 18/38
    53 | D        | Noticed a tyrant
    53 | D        | Noticed a tyrant
    55 | D        | Reached skill level 10 in Short Blades
    55 | D        | Reached skill level 10 in Long Blades
    55 | D        | Reached skill level 10 in Maces & Flails
    55 | D        | Reached skill level 10 in Polearms
    55 | D        | Reached skill level 10 in Ranged Weapons
    55 | D        | Reached skill level 10 in Shields
    55 | D        | Reached skill level 10 in Transmutations
    55 | D        | Noticed an accursed
    55 | D        | Noticed a tyrant
    56 | D        | Reached skill level 10 in Staves
    56 | D        | Reached skill level 10 in Summonings
    56 | D        | Reached skill level 10 in Translocations
    56 | D        | Reached skill level 10 in Evocations
    56 | D        | Noticed an accursed
    57 | D        | Noticed an accursed
    58 | D        | Killed a tyrant
    60 | D        | Reached skill level 10 in Spellcasting
    60 | D        | Reached skill level 10 in Hexes
    60 | D        | Noticed a destroyer
    60 | D        | Noticed a destroyer
    60 | D        | Noticed a tyrant
    61 | D        | Noticed a dread
    62 | D        | Reached skill level 10 in Conjurations
    62 | D        | Reached skill level 10 in Fire Magic
    62 | D        | Reached skill level 10 in Air Magic
    62 | D        | Noticed a dread
    64 | D        | Killed a destroyer
    65 | D        | Reached XP level 23. HP: 152/240 MP: 20/39
    65 | D        | Killed an accursed
    66 | D        | Reached skill level 15 in Ice Magic
    66 | D        | Reached skill level 15 in Earth Magic
    67 | D        | Killed a destroyer
    68 | D        | Reached skill level 15 in Necromancy
    68 | D        | Reached skill level 15 in Poison Magic
    68 | D        | Reached XP level 24. HP: 128/249 MP: 20/39
    69 | D        | Noticed a destroyer
    69 | D        | Noticed a tyrant
    70 | D        | Killed a dread
    71 | D        | Reached skill level 15 in Short Blades
    71 | D        | Reached skill level 15 in Long Blades
    71 | D        | Reached skill level 15 in Maces & Flails
    71 | D        | Reached skill level 15 in Polearms
    71 | D        | Reached skill level 15 in Staves
    71 | D        | Reached skill level 15 in Ranged Weapons
    71 | D        | Reached skill level 15 in Throwing
    71 | D        | Reached skill level 15 in Shields
    71 | D        | Reached skill level 15 in Summonings
    71 | D        | Reached skill level 15 in Translocations
    71 | D        | Reached skill level 15 in Transmutations
    71 | D        | Reached skill level 15 in Evocations
    71 | D        | Killed a tyrant
    72 | D        | Noticed a meat beast
    73 | D        | Noticed a meat beast
    73 | D        | Noticed a tyrant
    73 | D        | Noticed a meat beast
    74 | D        | Reached skill level 15 in Spellcasting
    74 | D        | Reached XP level 25. HP: 243/257 MP: 21/41
    76 | D        | Reached skill level 15 in Conjurations
    76 | D        | Reached skill level 15 in Hexes
    76 | D        | Reached skill level 15 in Fire Magic
    76 | D        | Reached skill level 15 in Air Magic
    78 | D        | Killed a meat beast
    79 | D        | Killed a meat beast
    80 | D        | Reached XP level 26. HP: 247/266 MP: 22/43
    80 | D        | Killed a tyrant
    80 | D        | Noticed a large bag of meat
    81 | D        | Noticed a large bag of meat
    81 | D        | Noticed a meat beast
    83 | D        | Killed a destroyer
    83 | D        | Killed a meat beast
    83 | D        | Noticed a dread
    84 | D        | Reached XP level 27. HP: 261/273 MP: 22/45
    84 | D        | Killed a dread
    84 | D        | Noticed a meat beast
    87 | D        | Killed a tyrant
    87 | D        | Killed a meat beast
    87 | D        | Killed a meat beast
    90 | D        | Noticed a tyrant
    90 | D        | Noticed a tyrant
    92 | D        | Killed a large bag of meat
    92 | D        | Noticed a dread
    92 | D        | Noticed a meat beast
    95 | D        | Noticed an accursed
    95 | D        | Noticed a large bag of meat
    95 | D        | Killed from afar by a wretched soul

Illustrated notes

Levels and vault maps discovered:
D:        meatsprint

Skill      XL: |  1  2  3  4  5  6  7  8  9 10 11 12 13 14 15 16 17 18 19 20 21 22 23 24 25 26 27 |
---------------+----------------------------------------------------------------------------------+-----
Axes           | 17 19 22 25 27 | 27.0
Dodging        | 17 19 22 25 27 | 27.0
Fighting       | 4 14 20 25 27 | 27.0
Armour         | 3 11 16 21 27 | 27.0
Invocations    | 4 13 19 25 27 | 27.0
Stealth        | 18 27 | 27.0
Unarmed Combat | 17 26 27 | 27.0
Short Blades   | 7 9 12 14 16 19 20 23 | 23.3
Long Blades    | 7 9 12 14 16 18 20 23 | 23.1
Maces & Flails | 6 9 12 14 16 18 20 23 | 23.1
Polearms       | 6 9 12 14 16 18 20 23 | 23.2
Staves         | 6 9 12 14 16 18 20 23 | 23.2
Ranged Weapons | 7 9 12 14 16 18 20 23 | 23.3
Throwing       | 7 10 12 14 16 18 20 23 | 23.1
Shields        | 7 9 12 14 16 18 20 23 | 23.2
Spellcasting   | 6 9 11 13 15 17 19 21 | 21.5
Conjurations   | 6 8 11 12 14 17 18 21 | 21.4
Hexes          | 6 9 11 13 14 17 19 21 | 21.5
Summonings     | 7 9 12 14 16 18 20 23 | 23.1
Necromancy     | 7 10 13 15 17 20 22 25 | 25.1
Translocations | 6 9 12 14 16 18 20 23 | 23.2
Transmutations | 7 9 12 14 16 18 20 23 | 23.3
Fire Magic     | 6 8 11 12 14 17 18 21 | 21.3
Ice Magic      | 8 11 14 16 19 21 23 26 | 26.9
Air Magic      | 6 8 11 13 14 17 19 21 | 21.5
Earth Magic    | 8 11 14 16 19 21 23 26 | 26.9
Poison Magic   | 7 10 13 15 17 20 22 24 | 24.9
Evocations     | 6 9 12 14 16 18 20 23 | 23.3

Action                     |  1- 3 |  4- 6 |  7- 9 | 10-12 | 13-15 | 16-18 | 19-21 | 22-24 | 25-27 || total
---------------------------+-------+-------+-------+-------+-------+-------+-------+-------+-------++-------
  Melee: Executioner's axe |     1 |       |       |     2 |     5 |     9 |    10 |    16 |    15 ||    58
 Invoke: Greater Servant o |       |       |       |       |       |       |     2 |       |       ||     2
    Use: Potion            |       |       |       |       |       |       |     1 |       |     1 ||     2
  Dodge: Dodged            |       |       |       |       |     1 |       |     1 |       |       ||     2
